 Dungeon Crawl Stone Soup version 0.20.1-1-g8b1a95d (webtiles) character file.

38955 Gargoyl the Tortoise (level 13, -1/154 HPs)
             Began as a Minotaur Abyssal Knight on Aug 31, 2017.
             Was an Elder of Lugonu.
             Slain by a black mamba (10 damage)
             ... on level 6 of the Lair of Beasts on Sept 1, 2017.
             The game lasted 00:37:19 (22983 turns).

Gargoyl the Tortoise (Minotaur Abyssal Knight)     Turns: 22983, Time: 00:37:20

Health: -1/154     AC: 28    Str: 16      XL:     13   Next: 66%
Magic:  17/20      EV:  2    Int:  9      God:    Lugonu [****..]
Gold:   651        SH:  9    Dex: 13 (14) Spells: 12/12 levels left

rFire    . . .     SeeInvis .   s - +1 war axe
rCold    . . .     Gourm    .   k - +0 buckler (curse)
rNeg     + + +     Faith    .   (armour currently unavailable)
rPois    +         Spirit   .   (helmet unavailable)
rElec    .         Reflect  +   (cloak currently unavailable)
rCorr    .         Harm     .   (gloves currently unavailable)
MR       .....     NoTele   +   (boots currently unavailable)
Stlth    +.........             R - +3 amulet of reflection
Regen    0.0/turn               N - +2 ring of protection
MPRegen  0.2/turn               M - ring of poison resistance

@: tree-form
A: (retaliatory headbutt), deterioration 1, frail 1, inhibited regeneration,
weak 1
a: Depart the Abyss, Bend Space, Banish, Corrupt, Renounce Religion


You were on level 6 of the Lair of Beasts.
You worshipped Lugonu.
Lugonu was greatly pleased with you.
You were not hungry.
You were a tree.
You visited 2 branches of the dungeon, and saw 14 of its levels.
You visited the Abyss 1 time.
You also visited: Sewer.

You collected 651 gold pieces.

Inventory:

Hand Weapons
 a - a +2 hand axe
 o - a +2 falchion of holy wrath
 s - a +1 war axe (weapon)
Armour
 d - a +0 plate armour (melded)
 k - a cursed +0 buckler (worn)
 B - a +2 pair of gloves (melded)
 E - a +2 hat of intelligence
 H - a +0 cloak (melded)
 U - a +1 hat
Jewellery
 x - an uncursed ring of ice
 K - an uncursed amulet of rage
 M - a ring of poison resistance (right branch)
 N - a +2 ring of protection (left branch)
 R - a +3 amulet of reflection (around neck)
Wands
 v - a wand of random effects (24/48)
 w - a wand of paralysis (6/24)
 F - a wand of clouds (2/9)
 I - a wand of flame (12/48)
 J - a wand of flame (16/48)
 O - a wand of confusion (35/48)
 S - a wand of lightning (7/15)
 T - a wand of polymorph (14/24)
Scrolls
 f - 2 scrolls of fog
 j - 4 scrolls of amnesia
 n - 2 scrolls of fear
 p - 2 scrolls of recharging
 q - 2 scrolls of immolation
 y - 3 scrolls of remove curse
 P - 2 scrolls of teleportation
 Q - a scroll of blinking
Potions
 e - a potion of lignification
 g - 5 potions of flight
 i - 2 potions of haste
 l - a potion of magic
 m - a potion of resistance
 u - 2 potions of agility
 z - a potion of invisibility
 C - a potion of brilliance
Books
 D - a book of Minor Magic

   Spells                             Type                      Level
   a - Magic Dart                     Conjuration                  1
   b - Blink                          Translocation                2
   c - Call Imp                       Summoning                    2
   d - Slow                           Hexes                        2
   e - Conjure Flame                  Conjuration/Fire             3
   f - Mephitic Cloud                 Conjuration/Poison/Air       3
 G - a book of Flames

   Spells                             Type                      Level
   a - Flame Tongue                   Conjuration/Fire             1
   b - Throw Flame                    Conjuration/Fire             2
   c - Conjure Flame                  Conjuration/Fire             3
   d - Inner Flame                    Hexes/Fire                   3
   e - Sticky Flame                   Conjuration/Fire             4
   f - Fireball                       Conjuration/Fire             5
Comestibles
 b - 13 chunks of flesh
 c - 9 bread rations
 r - 16 royal jellies
 t - 7 meat rations
 A - 10 fruits


   Skills:
 + Level 10.8 Fighting
 + Level 14.7 Axes
 * Level 15.5 Armour
 + Level 2.1 Dodging
 + Level 7.2 Shields
 * Level 10.8 Invocations
 + Level 1.2 Evocations


You had 12 spell levels left.
You didn't know any spells.

Dungeon Overview and Level Annotations

Branches:
Dungeon (8/15)             Temple (0/1) D:5            Lair (6/6) D:8
  Swamp (0/4) Lair:3       Spider (0/4) Lair:4        Slime (0/5) Lair:5

Altars:
The Shining One

Shops:
D:8 ?

Annotations:
Lair:3 exclusion: oklob plant
Lair:4 exclusion: 2 oklob plants
Lair:5 exclusion: 3 oklob plants


Innate Abilities, Weirdness & Mutations

((You reflexively headbutt those who attack you in melee.))
((You have a pair of large horns on your head.))
((You are partially covered in yellow scales. (AC +2)))
Your body sometimes deteriorates upon taking damage.
You are frail. (-10% HP)
You do not regenerate when monsters are visible.
You are weak. (Str -2)


Message History

You block the black mamba's attack.
You hit the black mamba.
The black mamba is almost dead.
You block the black mamba's attack.
You miss the black mamba.
The black mamba is almost dead.
The black mamba bites you.
* * * LOW HITPOINT WARNING * * *
The black mamba bites you but does no damage.
You closely miss the black mamba.
The black mamba is almost dead.
You block the black mamba's attack.
You closely miss the black mamba.
The black mamba is almost dead.
The black mamba bites you but does no damage.
You barely miss the black mamba.
The black mamba is almost dead.
The black mamba bites you but does no damage.
The black mamba bites you!
You die...

##.....#.#####...#..P........##
#....P##..#...#............P##
≈P.....#.......#..............#
...≈≈≈≈...≈.≈......#.........##
#.≈≈##P≈.#≈≈#.P...##........##
##≈≈..≈≈.#≈≈#..##...#.....#.#
≈P≈≈≈PP≈≈P≈≈≈≈§#.÷###.#<#### ≈
≈≈≈P≈≈≈≈≈≈h≈≈#..#.####÷.#
#########P##..♣.[#####..# ≈≈
≈≈.≈.#...S##.....##
≈≈≈≈≈≈≈..P.....P.#
≈≈≈.≈≈≈≈...P.PPPP#.# ≈
≈≈P#≈##≈.##...P##### ≈ ≈.≈
#.≈###..## ≈ ≈≈ ≈P##*#.## ≈ ≈
≈≈≈ *#P.. ≈ ,#... *


You could see a polar bear and a black mamba.

Vanquished Creatures
  Rupert (Lair:5)
  Gastronok (D:8)
  Fannar (Lair:3)
  6 death yaks
  Pikel (D:7)
  A lindwurm (Lair:6)
  5 elephants
  Maurice (D:8)
  3 black mambas
  Psyche (D:8)
  A torpor snail (Lair:2)
  4 spiny frogs
  3 rime drakes
  9 komodo dragons
  A queen bee (Lair:4)
  A meliai (Lair:4)
  A wind drake (Lair:6)
  3 hornets
  3 polar bears
  A dream sheep (Lair:3)
  8 blink frogs
  4 hippogriffs
  A redback (Lair:4)
  3 wyverns
  33 yaks
  3 basilisks
  A hungry ghost (D:8)
  11 water moccasins
  8 porcupines
  A swamp drake (D:8)
  2 orc warriors
  An ice beast (D:6)
  3 slaves (D:7)
  An ogre (D:7)
  2 sky beasts
  2 phantoms (D:5)
  A necrophage (D:7)
  19 wolves
  4 centaurs
  13 crocodiles
  9 bullfrogs
  2 big kobolds
  3 scorpions
  26 killer bees
  5 electric eels
  3 howler monkeys (D:8)
  2 crimson imps
  2 bullfrog zombies
  4 jellies
  A bullfrog skeleton (D:6)
  5 orc priests
  5 hounds
  A centaur skeleton (D:7)
  3 iguanas
  10 orc wizards
  4 hell rats (Lair:4)
  4 worker ants
  A hound zombie (D:5)
  A hound skeleton (D:4)
  2 worker ant zombies
  A howler monkey skeleton (D:3)
  7 adders
  7 gnolls
  7 river rats
  2 shadow imps (D:7)
  An ooze (D:1)
  An adder zombie (D:8)
  2 worms (D:3)
  2 dart slugs
  5 leopard geckos
  35 orcs
  8 bats
  9 giant cockroaches
  7 goblins
  7 hobgoblins
  9 jackals
  7 quokkas
  A ball python (D:8)
  A ball python skeleton (D:4)
  7 frilled lizards
  2 jackal skeletons (D:5)
  A jackal zombie (D:5)
  16 kobolds
  A leopard gecko zombie (D:5)
  19 rats
  5 fungi
  4 plants
436 creatures vanquished.

Vanquished Creatures (others)
  A hydra (Lair:3)
  A death yak (Lair:1)
  A sea snake (Lair:6)
  A spiny frog (Lair:2)
  A komodo dragon (Lair:5)
  2 meliai (Lair:4)
  2 jumping spiders (Lair:4)
  A bush (Lair:2)
  21 fungi
  22 plants
53 creatures vanquished.

Grand Total: 489 creatures vanquished

Notes
Turn   | Place    | Note
-------+----------+-------------------------------------------
     0 | Abyss:1  | Gargoyl the Minotaur Abyssal Knight began the quest for the Orb.
     0 | Abyss:1  | Reached XP level 1. HP: 19/19 MP: 1/1
     3 | Abyss:1  | Found a corrupted altar of Lugonu.
    95 | Abyss:1  | Noticed an insubstantial wisp
   157 | Abyss:1  | Noticed a soul eater
   161 | D:1      | Escaped the Abyss
   272 | D:1      | Reached skill level 3 in Armour
   272 | D:1      | Reached XP level 2. HP: 11/27 MP: 2/2
   512 | D:1      | Reached * piety under Lugonu
   747 | D:1      | Reached XP level 3. HP: 33/33 MP: 3/3
  1194 | D:2      | Reached XP level 4. HP: 28/40 MP: 4/4
  1344 | D:2      | Reached ** piety under Lugonu
  1457 | D:2      | Reached skill level 4 in Armour
  1459 | D:2      | Found a glowing golden altar of the Shining One.
  2054 | D:3      | Reached XP level 5. HP: 21/47 MP: 6/6
  2056 | D:3      | Found a glowing drain.
  2065 | Sewer    | Entered a sewer
  2378 | Sewer    | Reached skill level 5 in Armour
  2408 | Sewer    | Found a white marble altar of Elyvilon.
  2577 | D:3      | Reached XP level 6. HP: 51/53 MP: 7/7
  3019 | D:3      | Reached *** piety under Lugonu
  3570 | D:4      | Reached skill level 6 in Armour
  3678 | D:4      | Reached skill level 1 in Shields
  3958 | D:4      | Reached skill level 5 in Axes
  3958 | D:4      | Reached XP level 7. HP: 41/60 MP: 8/8
  4405 | D:5      | Entered Level 5 of the Dungeon
  4441 | D:5      | Gained mutation: Your magical capacity is low. (-10% MP) [mutagenic meat]
  4442 | D:5      | Gained mutation: Your flesh is heat resistant. (rF+) [mutagenic meat]
  4443 | D:5      | Gained mutation: You are robust. (+10% HP) [mutagenic meat]
  4444 | D:5      | Gained mutation: Your magical capacity is very low. (-20% MP) [mutagenic meat]
  4640 | D:5      | Reached skill level 7 in Armour
  4715 | D:5      | Found a staircase to the Ecumenical Temple.
  4862 | D:5      | Reached skill level 5 in Fighting
  5121 | D:5      | Reached XP level 8. HP: 70/74 MP: 6/7
  6206 | D:6      | Reached **** piety under Lugonu
  6301 | D:6      | Reached skill level 8 in Armour
  6317 | D:6      | Got a faintly glowing marble ring
  6318 | D:6      | Identified the ring "Cuhin" {rCorr rElec Str+8 Int-3 Slay-4} (You found it on level 6 of the Dungeon)
  7362 | D:7      | Reached skill level 5 in Invocations
  7369 | D:7      | Reached XP level 9. HP: 81/82 MP: 9/9
  7383 | D:7      | Reached skill level 9 in Armour
  7859 | D:7      | Noticed Pikel
  7873 | D:7      | Killed Pikel
  8087 | D:7      | Reached skill level 10 in Armour
  8271 | D:7      | Reached ***** piety under Lugonu
  8808 | D:8      | Noticed Gastronok
  8828 | D:8      | Killed Gastronok
  8828 | D:8      | Reached skill level 10 in Axes
  8828 | D:8      | Reached XP level 10. HP: 59/94 MP: 10/10
  8991 | D:8      | Found Ciwediut's Magic Scroll Boutique.
  9047 | D:8      | Gained mutation: You are partially covered in rugged brown scales. (AC +1, +3% HP) [mutagenic meat]
  9048 | D:8      | Gained mutation: You are clumsy. (Dex -2) [mutagenic meat]
  9050 | D:8      | Lost mutation: Your magical capacity is very low. (-20% MP) [potion of mutation]
  9050 | D:8      | Lost mutation: You are clumsy. (Dex -2) [potion of mutation]
  9050 | D:8      | Lost mutation: You are robust. (+10% HP) [potion of mutation]
  9050 | D:8      | Lost mutation: Your flesh is heat resistant. (rF+) [potion of mutation]
  9050 | D:8      | Gained mutation: You passively map a small area around you. [potion of mutation]
  9050 | D:8      | Gained mutation: You are agile. (Dex +2) [potion of mutation]
  9051 | D:8      | Lost mutation: Your magical capacity is low. (-10% MP) [potion of mutation]
  9051 | D:8      | Lost mutation: You are agile. (Dex +2) [potion of mutation]
  9051 | D:8      | Lost mutation: You are partially covered in rugged brown scales. (AC +1, +3% HP) [potion of mutation]
  9051 | D:8      | Gained mutation: You have a pair of large horns on your head. [potion of mutation]
  9051 | D:8      | Gained mutation: You do not regenerate when monsters are visible. [potion of mutation]
  9051 | D:8      | Gained mutation: Your spells are a little harder to cast, but a little more powerful. [potion of mutation]
  9085 | D:8      | Paralysed by a hornet for 2 turns
  9247 | D:8      | Reached skill level 11 in Armour
  9249 | D:8      | Noticed Psyche
  9251 | D:8      | Noticed Maurice
  9511 | D:8      | Killed Psyche
 10149 | D:8      | Found a staircase to the Lair.
 10320 | D:8      | Killed Maurice
 10682 | Lair:1   | Entered Level 1 of the Lair of Beasts
 11093 | Lair:1   | Reached XP level 11. HP: 94/94 MP: 15/15
 11363 | Lair:1   | Reached skill level 12 in Armour
 12013 | Lair:1   | Noticed a death yak
 12014 | Lair:1   | Noticed a death yak
 12015 | Lair:1   | Noticed a death yak
 12054 | Lair:2   | Killed a death yak
 12735 | Lair:2   | Reached skill level 5 in Shields
 13309 | Lair:2   | Noticed a death yak
 13319 | Lair:2   | Noticed a death yak
 13952 | Lair:2   | Reached skill level 13 in Armour
 14233 | Lair:2   | Banished a death yak
 14240 | Lair:2   | Banished a death yak
 14782 | Lair:1   | Banished a death yak
 14807 | Lair:1   | Killed a death yak
 15204 | Lair:3   | Reached XP level 12. HP: 97/103 MP: 17/17
 15618 | Lair:3   | Noticed Fannar
 15771 | Lair:4   | Found a hole to the Spider Nest.
 15802 | Lair:4   | HP: 5/104 [jumping spider (6)]
 16780 | Lair:3   | Reached skill level 14 in Armour
 17054 | Lair:3   | Found a staircase to the Swamp.
 17102 | Lair:3   | Killed Fannar
 17398 | Lair:3   | Noticed a six-headed hydra
 17405 | Lair:3   | Banished a six-headed hydra
 18894 | Lair:3   | Noticed a six-headed hydra
 18896 | Lair:3   | Banished a six-headed hydra
 19153 | Lair:4   | Reached skill level 10 in Invocations
 19368 | Lair:4   | Reached skill level 10 in Fighting
 19926 | Lair:4   | You fall through a shaft for 2 floors!
 19926 | Lair:6   | Entered Level 6 of the Lair of Beasts
 19949 | Lair:6   | Noticed a death yak
 19950 | Lair:6   | Noticed a death yak
 19950 | Lair:6   | Noticed a death yak
 19954 | Lair:6   | Noticed a death yak
 19988 | Lair:6   | Killed a death yak
 19988 | Lair:6   | Reached XP level 13. HP: 113/113 MP: 14/19
 20531 | Lair:5   | Reached skill level 15 in Armour
 21022 | Lair:5   | Noticed Rupert
 21025 | Lair:5   | Paralysed by Rupert for 3 turns
 21050 | Lair:5   | Killed Rupert
 21279 | Lair:5   | Reached skill level 1 in Evocations
 22106 | Lair:5   | Found a staircase to the Slime Pits.
 22246 | Lair:5   | Lost mutation: You passively map a small area around you. [potion of mutation]
 22246 | Lair:5   | Lost mutation: Your spells are a little harder to cast, but a little more powerful. [potion of mutation]
 22246 | Lair:5   | Gained mutation: You are weak. (Str -2) [potion of mutation]
 22246 | Lair:5   | Gained mutation: Your body sometimes deteriorates upon taking damage. [potion of mutation]
 22246 | Lair:5   | Gained mutation: You are frail. (-10% HP) [potion of mutation]
 22246 | Lair:5   | Gained mutation: You are partially covered in yellow scales. (AC +2) [potion of mutation]
 22983 | Lair:6   | Slain by a black mamba

Skill      XL: |  1  2  3  4  5  6  7  8  9 10 11 12 13 |
---------------+----------------------------------------+-----
Armour         | 3 4 5 6 7 8 10 11 13 14 15 | 15.5
Invocations    | 2 3 4 5 6 7 8 10 | 10.8
Fighting       | 4 5 6 7 8 10 | 10.8
Axes           | 3 4 5 6 8 10 11 12 13 14 | 14.7
Shields        | 1 2 3 4 5 6 7 |  7.2
Dodging        | 2 |  2.1
Evocations     | 1 |  1.2

Action                   |  1- 3 |  4- 6 |  7- 9 | 10-12 | 13-15 || total
-------------------------+-------+-------+-------+-------+-------++-------
Melee: Hand axe          |    88 |   155 |       |       |       ||   243
       Headbutt          |    11 |    29 |    85 |   160 |    76 ||   361
       War axe           |       |    37 |   441 |   731 |   304 ||  1513
Invok: Depart the Abyss  |     1 |       |       |       |       ||     1
       Banish            |       |       |       |    23 |     2 ||    25
       Bend Space        |       |       |       |     2 |     2 ||     4
 Abil: Evoke Berserk Rag |       |       |       |     3 |     1 ||     4
Evoke: Wand              |       |       |       |     1 |     4 ||     5
  Use: Scroll            |     5 |     2 |     8 |    10 |     8 ||    33
       Potion            |       |     1 |     7 |     8 |     6 ||    22
 Stab: Distracted        |       |       |       |     1 |       ||     1
  Eat: Chunk             |     1 |     9 |    21 |    22 |     5 ||    58
       Bread ration      |       |       |       |     6 |     2 ||     8
Armor: Plate armour      |    87 |   144 |   320 |   603 |   207 ||  1361
       Skin              |       |       |       |       |    13 ||    13
Dodge: Dodged            |    37 |    51 |   115 |   314 |    94 ||   611
Block: Buckler           |       |    22 |    78 |   200 |   123 ||   423
